 Dungeon Crawl Stone Soup version 0.31-a0-236-g9a0961fb85 (webtiles) character file.

Game seed: 7231942108712337232

34 qw the Shooter (level 3, -4/21 HPs)
             Began as a Gargoyle Hexslinger on July 10, 2023.
             Slain by a goblin
             ... wielding a +0 club
             ... led by Robin
              (6 damage)
             ... on level 2 of the Dungeon.
             The game lasted 00:00:24 (701 turns).

qw the Shooter (Gargoyle Hexslinger)                 Turns: 701, Time: 00:00:25

Health: -4/21      AC:  8    Str: 11    XL:     3   Next: 31%
Magic:  4/4        EV: 10    Int: 13    God:
Gold:   69         SH:  0    Dex: 14    Spells: 3/4 levels left

rFire   . . .        Y - +0 arbalest
rCold   . . .        (shield currently unavailable)
rNeg    + . .        l - +0 ring mail
rPois   inf          (no helmet)
rElec   +            (no cloak)
rCorr   .            (no gloves)
SInv    .            (no boots)
Will    .....        f - amulet of faith
Stlth   +            (no ring)
HPRegen 0.23/turn    (no ring)
MPRegen 0.09/turn

%: faith
@: about to teleport
A: sickness immunity, AC +3, negative energy resistance 1, electricity
resistance, torment resistance 1, petrification resistance
a: no special abilities


You were on level 2 of the Dungeon.
You visited 1 branch of the dungeon, and saw 2 of its levels.

You collected 69 gold pieces.


Innate Abilities, Weirdness & Mutations

You are immune to sickness and miasma.
Your stone body is resilient. (AC +3)
You are immune to poison.
You resist negative energy. (rN+)
You are resistant to electric shocks. (rElec)
You are resistant to unholy torment.
You are immune to petrification.


   Skills:
 - Level 2.0 Fighting
 + Level 3.3 Ranged Weapons
 - Level 1.5 Dodging
 - Level 1.0 Spellcasting
 - Level 2.6 Hexes


You had 3 spell levels left.
You knew the following spells:

 Your Spells              Type           Power      Damage    Failure   Level
a - Slow                  Hex            28%        N/A       22%         1

Your spell library contained the following spells:

 Spells                   Type           Power      Damage    Failure   Level
 Inner Flame              Hex/Fire       4%         N/A       75%         3
 Portal Projectile        Hex/Tloc       8%         N/A       75%         3
 Cause Fear               Hex            3%         N/A       92%         4

Inventory:

Hand Weapons
 Y - a +0 arbalest (weapon)
Armour
 l - a +0 ring mail (worn)
Jewellery
 f - an amulet of faith (around neck)
 j - an amulet of the acrobat
Scrolls
 h - a scroll of identify
Potions
 a - a potion of degeneration {unknown}
 b - 2 potions of ambrosia {unknown}
 i - a potion of attraction {unknown}
 k - a potion of resistance {unknown}

Dungeon Overview and Level Annotations

Branches:
Dungeon (2/15)

Altars:

Annotations:
D:2 Robin


Message History

You shoot a bolt. The bolt closely misses the goblin.
The bolt hits Robin.
Robin is lightly wounded.
Robin throws the goblin at you! The goblin hits you but does no damage.
The goblin misses you. The goblin closely misses you.
A hobgoblin comes into view.
The goblin hits you but does no damage. The goblin hits you with a +0 club.
The goblin hits you but does no damage.
You shoot a bolt. The bolt closely misses the goblin.
A goblin comes into view. It is wielding a +0 club.
The goblin hits you with a +0 club. The goblin barely misses you.
The goblin hits you with a +0 dagger.
A goblin comes into view. It is wielding a +0 dagger.
The goblin barely misses you. The goblin hits you but does no damage.
You shoot a bolt. The bolt barely misses the goblin.
The hobgoblin shouts!
A goblin comes into view. It is wielding a +0 club.
The goblin hits you but does no damage. The goblin barely misses you.
The goblin hits you with a +0 dagger. Robin closely misses you.
A goblin comes into view. It is wielding a +0 dagger.
The goblin hits you but does no damage. The goblin misses you.
The goblin hits you with a +0 club.
You shoot a bolt. The bolt barely misses Robin.
The goblin shouts! x2
The bolt hits the hobgoblin!!
You kill the hobgoblin!
Robin throws the goblin at you!
The goblin hits you but does no damage. x2
The goblin hits you with a +0 dagger. The goblin hits you but does no damage.
The goblin hits you with a +0 club. Robin hits you with a +0 whip.
The goblin barely misses you.
700 ||| READING scroll of teleportation.
As you read the scroll of teleportation, it crumbles to dust.
You feel strangely unstable. Robin hits you with a +0 whip.
The goblin hits you but does no damage. The goblin barely misses you. x2
You shoot a bolt. The bolt hits Robin!
Robin is severely wounded.
The goblin no longer looks unusually strong.
Robin drinks a potion.
Robin seems to grow stronger.
The goblin hits you with a +0 club.
You die...

#..#.#
###..#
#..#
###..#
#(.#.#
#.##.#####
####.....#
#.#ggg###
#...@...#
#..ggg..#
#...gg..#
###g..###
#...#
#..## #.)#
#).#


You could see Robin (strong), a hobgoblin (strong) and 7 goblins.

Vanquished Creatures
  A dart slug (D:1)
  5 ball pythons (D:1)
  2 bats (D:1)
  3 endoplasms
  2 giant cockroaches
  3 goblins
  5 hobgoblins
  2 kobolds
  A quokka (D:2)
  2 frilled lizards (D:1)
  A rat (D:2)
27 creatures vanquished.

Notes
Turn   | Place    | Note
-------+----------+-------------------------------------------
     0 | D:1      | qw the Gargoyle Hexslinger began the quest for the Orb.
     0 | D:1      | Reached XP level 1. HP: 12/12 MP: 2/2
     0 | D:1      | 0 ||| qw: Version: 0.3-a-52-g30416fa
     0 | D:1      | 0 ||| qw: Game counter: 4782
     0 | D:1      | 0 ||| qw: Melee chars always use a shield: true
     0 | D:1      | 0 ||| qw: God list: Okawaru
     0 | D:1      | 0 ||| qw: Allow faded altars: false
     0 | D:1      | 0 ||| qw: Do Orc after clearing Dungeon:15 true
     0 | D:1      | 0 ||| qw: Do second Lair branch before Depths: true
     0 | D:1      | 0 ||| qw: Lair rune preference: random
     0 | D:1      | 0 ||| qw: Goals: Normal
     0 | D:1      | 0 ||| PLANNING D:1-11
    51 | D:1      | Reached XP level 2. HP: 16/16 MP: 3/3
    58 | D:1      | 58 ||| SWAPPING to +0 arbalest.
    66 | D:1      | 66 ||| DROPPING +1 sling.
   149 | D:1      | Reached skill level 3 in Ranged Weapons
   156 | D:1      | Found a faded altar of an unknown god.
   259 | D:1      | Reached XP level 3. HP: 14/21 MP: 4/4
   516 | D:1      | 516 ||| UPGRADING to +0 leather armour.
   526 | D:1      | 526 ||| DROPPING +0 robe.
   527 | D:1      | 527 ||| UPGRADING to +0 ring mail.
   537 | D:1      | 537 ||| DROPPING +0 leather armour.
   538 | D:1      | 538 ||| UPGRADING to amulet of faith.
   543 | D:1      | 543 ||| READING scroll labelled MAORCH BOGRI.
   544 | D:1      | 544 ||| READING 2 scrolls labelled CECUPL ITYI.
   547 | D:1      | 547 ||| READING 2 scrolls labelled UZATUI IWNEARA.
   548 | D:1      | 548 ||| DROPPING scroll of poison.
   693 | D:2      | Noticed Robin
   699 | D:2      | HP: 5/21 [goblin/+0 club[Robin] (2)]
   699 | D:2      | HP: 2/21 [Robin/+0 whip (3)]
   700 | D:2      | 700 ||| READING scroll of teleportation.
   701 | D:2      | Slain by a goblin

Levels and vault maps discovered:
D:1:      mrwooster_arrival_statue_3, layout_rooms,
          nicolae_ecumenical_snake_handling, minmay_fountain_box, st_stairs_14,
          minmay_misc_feat_more_columns, item_on_display_a
D:2:      minmay_chambers_of_ones, layout_loops_ring, uniq_robin

Skill      XL: |  1  2  3 |
---------------+----------+-----
Ranged Weapons | 3 |  3.3
Fighting       | 2 |  2.0
Dodging        | |  1.5
Spellcasting   | |  1.0
Hexes          | |  2.6

Action                     || total
---------------------------++-------
   Fire: Sling             ||    11
         Arbalest          ||    74
    Use: Scroll            ||     4
 Armour: Robe              ||    24
         Ring mail         ||    14
  Dodge: Dodged            ||    49

Table legend:
 A = Non-vault XP
 B = Vault XP
 C = Vault XP percentage of total XP
 D = Non-vault monster count
 E = Vault monster count
 F = Vault count percentage of total count
                 A         B        C        D         E       F
            +---------+---------+-------+---------+---------+-------
      Total |      38 |      11 |  22.4 |      21 |       6 |  22.2
            +---------+---------+-------+---------+---------+-------
        D:1 |      30 |       5 |  14.3 |      16 |       3 |  15.8
        D:2 |       8 |       6 |  42.9 |       5 |       3 |  37.5
            +---------+---------+-------+---------+---------+-------
